TOP OF THE 1ST |
Mississippi Braves batting - Pitching for Binghamton Rumble Ponies : RHP Joan Gregorio
|
Pitching: RHP Joan Gregorio
|
|
Batting: RHB Cristian Pache
|
0-0: Swinging Strike 0-1: Fly out, F6 (Popup, 6D)
|
Batting: LHB Bret Boswell
|
0-0: Called Strike 0-1: Ball 1-1: Ball 2-1: Called Strike 2-2: Ball 3-2: Strikes out looking
|
Batting: LHB Luis Arraez
|
0-0: SOLO HOME RUN (Flyball, 89XD), Distance : 409 ft
|
Batting: RHB Jorge Ona
|
0-0: Fly out, F8 (Flyball, 78S)
|
Top of the 1st over - 1 run, 1 hit, 0 errors, 0 left on base; Mississippi 1 - Binghamton 0 |
BOTTOM OF THE 1ST |
Binghamton Rumble Ponies batting - Pitching for Mississippi Braves : RHP Anderson Espinoza
|
Pitching: RHP Anderson Espinoza
|
|
Batting: RHB Oscar Mercado
|
0-0: Ball 1-0: Reached via error on a dropped throw, E3 (Groundball, 6M)
|
Batting: SHB Luis Sardinas
|
0-0: Ball 1-0: Fly out, F7 (Line Drive, 7D)
|
Batting: RHB Yusniel Diaz
|
0-0: Ball 1-0: Ball 2-0: SINGLE (Line Drive, 4M) Oscar Mercado to second Runner from 2nd tries for 3rd, SAFE, throw made to third
|
Batting: RHB Mark Mathias
|
0-0: Called Strike 0-1: Ball 1-1: Ball 2-1: Called Strike 2-2: Ball 3-2: Grounds into double play, 5-4-3 (Groundball, 56S)
|
Bottom of the 1st over - 0 runs, 1 hit, 1 error, 1 left on base; Mississippi 1 - Binghamton 0 |
TOP OF THE 2ND |
Mississippi Braves batting - Pitching for Binghamton Rumble Ponies : RHP Joan Gregorio
|
Batting: LHB Cody Thomas
|
0-0: Swinging Strike 0-1: Called Strike 0-2: Foul Ball, location: 2F 0-2: Ball 1-2: Ball 2-2: Strikes out swinging
|
Batting: LHB Chad Spanberger
|
0-0: Ball 1-0: Called Strike 1-1: Ball 2-1: Swinging Strike 2-2: Ball 3-2: Ground out U3 (Groundball, 3)
|
Batting: LHB Tristan Gray
|
0-0: Called Strike 0-1: Called Strike 0-2: Ground out 4-3 (Groundball, 4M)
|
Top of the 2nd over - 0 runs, 0 hits, 0 errors, 0 left on base; Mississippi 1 - Binghamton 0 |
BOTTOM OF THE 2ND |
Binghamton Rumble Ponies batting - Pitching for Mississippi Braves : RHP Anderson Espinoza
|
Batting: RHB Nick Dini
|
0-0: Ball 1-0: Foul Ball, location: 2F 1-1: SINGLE (Line Drive, 9S)
|
Batting: LHB Harold Castro
|
0-0: Swinging Strike 0-1: Ball 1-1: Ball 2-1: SINGLE (Flyball, 78M) Nick Dini to second
|
Batting: RHB Tate Matheny
|
0-0: Ball 1-0: Called Strike 1-1: Foul Ball, location: 2F 1-2: Ball 2-2: Foul Ball, location: 2F 2-2: Foul Ball, location: 2F 2-2: Fielders Choice at 2nd, 6-4 (Groundball, 6) Nick Dini to third
|
Batting: RHB Zander Wiel
|
0-0: Ball 1-0: Foul Ball, location: 2F 1-1: Ball 2-1: Swinging Strike 2-2: Foul Ball, location: 2F 2-2: Grounds into double play, 1-6-3 (Groundball, 13S)
|
Bottom of the 2nd over - 0 runs, 2 hits, 0 errors, 1 left on base; Mississippi 1 - Binghamton 0 |
TOP OF THE 3RD |
Mississippi Braves batting - Pitching for Binghamton Rumble Ponies : RHP Joan Gregorio
|
Batting: SHB David Garcia
|
0-0: Bunt for hit - play at first, batter OUT! 2-3
|
Batting: LHB Trey Ball
|
0-0: Called Strike 0-1: Ball 1-1: Ball 2-1: Foul Ball, location: 2F 2-2: Ball 3-2: Strikes out swinging
|
Batting: RHB Cristian Pache
|
0-0: Fly out, F7 (Flyball, 7S)
|
Top of the 3rd over - 0 runs, 0 hits, 0 errors, 0 left on base; Mississippi 1 - Binghamton 0 |
BOTTOM OF THE 3RD |
Binghamton Rumble Ponies batting - Pitching for Mississippi Braves : RHP Anderson Espinoza
|
Batting: RHB Austin Listi
|
0-0: Ball 1-0: Ball 2-0: Swinging Strike 2-1: Fly out, F7 (Flyball, 7)
|
Batting: RHB Oscar Mercado
|
0-0: Ball 1-0: Ball 2-0: Foul Ball, location: 2F 2-1: Ball 3-1: Ground out 5-3 (Groundball, 56S)
|
Batting: SHB Luis Sardinas
|
0-0: Called Strike 0-1: Ball 1-1: Foul Ball, location: 2F 1-2: SINGLE (Line Drive, 6D)
|
Batting: RHB Yusniel Diaz
|
0-0: Ball 1-0: Ball Luis Sardinas steals 2nd base 2-0: Foul Ball, location: 2F 2-1: Foul Ball, location: 2F 2-2: Ball 3-2: Foul Ball, location: 2F 3-2: SINGLE (Line Drive, 8RS) Luis Sardinas to third Luis Sardinas scores
|
Batting: RHB Mark Mathias
|
0-0: Fielders Choice at 2nd, 6-4 (Groundball, 6)
|
Bottom of the 3rd over - 1 run, 2 hits, 0 errors, 1 left on base; Mississippi 1 - Binghamton 1 |
TOP OF THE 4TH |
Mississippi Braves batting - Pitching for Binghamton Rumble Ponies : RHP Joan Gregorio
|
Batting: LHB Bret Boswell
|
0-0: Foul Ball, location: 2F 0-1: Ball 1-1: Ball 2-1: Swinging Strike 2-2: Strikes out swinging
|
Batting: LHB Luis Arraez
|
0-0: Called Strike 0-1: Ball 1-1: Ball 2-1: Called Strike 2-2: Ball 3-2: Ground out 5-3 (Groundball, 56S)
|
Batting: RHB Jorge Ona
|
0-0: Fly out, F9 (Flyball, 9S)
|
Top of the 4th over - 0 runs, 0 hits, 0 errors, 0 left on base; Mississippi 1 - Binghamton 1 |
BOTTOM OF THE 4TH |
Binghamton Rumble Ponies batting - Pitching for Mississippi Braves : RHP Anderson Espinoza
|
Batting: RHB Nick Dini
|
0-0: Ball 1-0: Ball 2-0: Fly out, F7 (Flyball, 7)
|
Batting: LHB Harold Castro
|
0-0: Called Strike 0-1: Ball 1-1: Ball 2-1: Ball 3-1: Called Strike 3-2: Foul Ball, location: 2F 3-2: Base on Balls
|
Batting: RHB Tate Matheny
|
0-0: Called Strike 0-1: Foul Ball, location: 2F 0-2: Reached on error, E6 (Groundball, 6) Harold Castro to second
|
Batting: RHB Zander Wiel
|
0-0: Ball 1-0: Foul Ball, location: 2F 1-1: SINGLE (Line Drive, 8LS) Harold Castro to third Tate Matheny to second Runner from 3rd tries for Home, SAFE, throw made home
|
Batting: RHB Austin Listi
|
0-0: Ball 1-0: Grounds into double play, 6-4-3 (Groundball, 6)
|
Bottom of the 4th over - 1 run, 1 hit, 1 error, 1 left on base; Mississippi 1 - Binghamton 2 |
TOP OF THE 5TH |
Mississippi Braves batting - Pitching for Binghamton Rumble Ponies : RHP Joan Gregorio
|
Batting: LHB Cody Thomas
|
0-0: Ball 1-0: Called Strike 1-1: Ball 2-1: Foul Ball, location: 2F 2-2: Strikes out looking
|
Batting: LHB Chad Spanberger
|
0-0: Called Strike 0-1: Foul Ball, location: 2F 0-2: Strikes out looking
|
Batting: LHB Tristan Gray
|
0-0: Ball 1-0: Swinging Strike 1-1: Foul Ball, location: 2F 1-2: Strikes out swinging
|
Top of the 5th over - 0 runs, 0 hits, 0 errors, 0 left on base; Mississippi 1 - Binghamton 2 |
BOTTOM OF THE 5TH |
Binghamton Rumble Ponies batting - Pitching for Mississippi Braves : RHP Anderson Espinoza
|
Batting: RHB Oscar Mercado
|
0-0: Ball 1-0: Called Strike 1-1: Swinging Strike 1-2: Hit by Pitch
|
Batting: SHB Luis Sardinas
|
0-0: Called Strike 0-1: Grounds into double play, 4-6-3 (Groundball, 4)
|
Batting: RHB Yusniel Diaz
|
0-0: Fly out, F8 (Flyball, 8RM)
|
Bottom of the 5th over - 0 runs, 0 hits, 0 errors, 0 left on base; Mississippi 1 - Binghamton 2 |
TOP OF THE 6TH |
Mississippi Braves batting - Pitching for Binghamton Rumble Ponies : RHP Joan Gregorio
|
Batting: SHB David Garcia
|
0-0: Ball 1-0: Swinging Strike 1-1: Foul Ball, location: 2F 1-2: Ball 2-2: Strikes out looking
|
Batting: LHB Trey Ball
|
0-0: Called Strike 0-1: Ball 1-1: Ball 2-1: Swinging Strike 2-2: Foul Ball, location: 2F 2-2: Strikes out swinging
|
Batting: RHB Cristian Pache
|
0-0: Ball 1-0: Foul Ball, location: 2F 1-1: Foul Ball, location: 2F 1-2: Ball 2-2: Strikes out swinging
|
Top of the 6th over - 0 runs, 0 hits, 0 errors, 0 left on base; Mississippi 1 - Binghamton 2 |
BOTTOM OF THE 6TH |
Binghamton Rumble Ponies batting - Pitching for Mississippi Braves : RHP Anderson Espinoza
|
Batting: RHB Mark Mathias
|
0-0: Foul Ball, location: 2F 0-1: Ball 1-1: Swinging Strike 1-2: Strikes out swinging
|
Batting: RHB Nick Dini
|
0-0: Foul Ball, location: 2F 0-1: Called Strike 0-2: Ball 1-2: Ball 2-2: Foul Ball, location: 2F 2-2: Ball 3-2: Foul Ball, location: 2F 3-2: Base on Balls
|
Pitching: RHP Ronald Bolanos
|
|
Batting: LHB Harold Castro
|
0-0: Ball 1-0: Ball 2-0: Fielders Choice at 2nd, 1-6 (Groundball, 34S)
|
Batting: RHB Tate Matheny
|
0-0: Called Strike 0-1: Swinging Strike 0-2: Foul Ball, location: 2F 0-2: Ball 1-2: Fielders Choice at 2nd, 6-4 (Groundball, 6)
|
Bottom of the 6th over - 0 runs, 0 hits, 0 errors, 1 left on base; Mississippi 1 - Binghamton 2 |
TOP OF THE 7TH |
Mississippi Braves batting - Pitching for Binghamton Rumble Ponies : RHP Joan Gregorio
|
Batting: LHB Bret Boswell
|
0-0: Ball 1-0: Ball 2-0: Ball 3-0: Called Strike 3-1: Ground out 5-3 (Groundball, 56)
|
Batting: LHB Luis Arraez
|
0-0: Ball 1-0: Ball 2-0: Fly out, F6 (Line Drive, 6)
|
Batting: RHB Jorge Ona
|
0-0: Ball 1-0: SOLO HOME RUN (Flyball, 78XD), Distance : 405 ft
|
Batting: LHB Cody Thomas
|
0-0: Fly out, F8 (Line Drive, 8RD)
|
Top of the 7th over - 1 run, 1 hit, 0 errors, 0 left on base; Mississippi 2 - Binghamton 2 |
BOTTOM OF THE 7TH |
Binghamton Rumble Ponies batting - Pitching for Mississippi Braves : RHP Ronald Bolanos
|
Batting: RHB Zander Wiel
|
0-0: Foul Ball, location: 2F 0-1: Ground out 6-3 (Groundball, 6)
|
Batting: RHB Austin Listi
|
0-0: Ball 1-0: Ball 2-0: Ball 3-0: Called Strike 3-1: SINGLE (Groundball, 56D)
|
Pitching: LHP Adam Choplick
|
|
Batting: RHB Oscar Mercado
|
0-0: Ball 1-0: Fielders Choice at 2nd, 1-6 (Groundball, 34S)
|
Batting: SHB Luis Sardinas
|
0-0: Ball 1-0: Ball 2-0: Called Strike 2-1: Called Strike 2-2: Foul Ball, location: 2F 2-2: Ball 3-2: SINGLE (Flyball, 9LS) Oscar Mercado to second Oscar Mercado to third
|
Batting: RHB Yusniel Diaz
|
0-0: Ball 1-0: Foul Ball, location: 2F 1-1: Ground out 5-3 (Groundball, 56S)
|
Bottom of the 7th over - 0 runs, 2 hits, 0 errors, 2 left on base; Mississippi 2 - Binghamton 2 |
TOP OF THE 8TH |
Mississippi Braves batting - Pitching for Binghamton Rumble Ponies : RHP Joan Gregorio
|
Pitching: RHP Eric Hanhold
|
|
Batting: LHB Chad Spanberger
|
0-0: Swinging Strike 0-1: Ball 1-1: Foul Ball, location: 2F 1-2: Strikes out looking
|
Batting: LHB Tristan Gray
|
0-0: Ball 1-0: Foul Ball, location: 2F 1-1: Ball 2-1: Fly out, F8 (Flyball, 89M)
|
Batting: SHB David Garcia
|
0-0: Foul Ball, location: 2F 0-1: Foul Ball, location: 2F 0-2: Ball 1-2: Ball 2-2: Strikes out swinging
|
Top of the 8th over - 0 runs, 0 hits, 0 errors, 0 left on base; Mississippi 2 - Binghamton 2 |
BOTTOM OF THE 8TH |
Binghamton Rumble Ponies batting - Pitching for Mississippi Braves : LHP Adam Choplick
|
Batting: RHB Mark Mathias
|
0-0: Called Strike 0-1: Ball 1-1: Ball 2-1: SINGLE (Line Drive, 9S)
|
Batting: RHB Nick Dini
|
0-0: Called Strike 0-1: Swinging Strike 0-2: Reached on error, E5 (Groundball, 56S) Mark Mathias to second
|
Pinch Hitting: SHB Blake Allemand
|
0-0: Called Strike 0-1: Called Strike 0-2: Foul Ball, location: 2F 0-2: Foul Ball, location: 2F 0-2: Ball 1-2: Foul Ball, location: 2F 1-2: Ball 2-2: Strikes out swinging
|
Pitching: LHP Oddy Nunez
|
|
Batting: RHB Tate Matheny
|
0-0: Called Strike 0-1: Foul Ball, location: 2F 0-2: Strikes out looking
|
Batting: RHB Zander Wiel
|
0-0: Ball Passed Ball! Mark Mathias to third Nick Dini to second 1-0: Ball 2-0: Ball 3-0: Base on Balls
|
Pinch Hitting: RHB Joe DeCarlo
|
0-0: Called Strike 0-1: Foul Ball, location: 2F 0-2: Strikes out swinging
|
Bottom of the 8th over - 0 runs, 1 hit, 1 error, 3 left on base; Mississippi 2 - Binghamton 2 |
TOP OF THE 9TH |
Mississippi Braves batting - Pitching for Binghamton Rumble Ponies : RHP Eric Hanhold
|
Pitching: RHP Pedro Araujo
|
|
Now at 3B: Joe DeCarlo
|
|
Now at SS: Blake Allemand
|
|
Batting: LHB Trey Ball
|
0-0: Called Strike 0-1: Ball 1-1: Foul Ball, location: 2F 1-2: Fly out, F7 (Flyball, 7S)
|
Batting: RHB Cristian Pache
|
0-0: Fly out, F9 (Flyball, 9)
|
Batting: LHB Bret Boswell
|
0-0: Fly out, F8 (Flyball, 8RS)
|
Top of the 9th over - 0 runs, 0 hits, 0 errors, 0 left on base; Mississippi 2 - Binghamton 2 |
BOTTOM OF THE 9TH |
Binghamton Rumble Ponies batting - Pitching for Mississippi Braves : LHP Oddy Nunez
|
Pitching: LHP Andy Cox
|
|
Batting: RHB Oscar Mercado
|
0-0: Ball 1-0: Ground out 1-3 (Groundball, 15)
|
Batting: SHB Luis Sardinas
|
0-0: Fly out, F7 (Flyball, 78S)
|
Batting: RHB Yusniel Diaz
|
0-0: Called Strike 0-1: Fly out, F7 (Flyball, 78M)
|
Bottom of the 9th over - 0 runs, 0 hits, 0 errors, 0 left on base; Mississippi 2 - Binghamton 2 |
TOP OF THE 10TH |
Mississippi Braves batting - Pitching for Binghamton Rumble Ponies : RHP Pedro Araujo
|
Batting: LHB Luis Arraez
|
0-0: Called Strike 0-1: Called Strike 0-2: Ground out 4-3 (Groundball, 34D)
|
Batting: RHB Jorge Ona
|
0-0: Ball 1-0: Ball 2-0: Fly out, F7 (Flyball, 7)
|
Batting: LHB Cody Thomas
|
0-0: Called Strike 0-1: Swinging Strike 0-2: Foul Ball, location: 2F 0-2: Ball 1-2: Ball 2-2: Foul Ball, location: 2F 2-2: Strikes out swinging
|
Top of the 10th over - 0 runs, 0 hits, 0 errors, 0 left on base; Mississippi 2 - Binghamton 2 |
BOTTOM OF THE 10TH |
Binghamton Rumble Ponies batting - Pitching for Mississippi Braves : LHP Andy Cox
|
Batting: RHB Mark Mathias
|
0-0: Fly out, F8 (Flyball, 89M)
|
Batting: RHB Nick Dini
|
0-0: Ball 1-0: Ball 2-0: Ball 3-0: Called Strike 3-1: Swinging Strike 3-2: Base on Balls
|
Batting: SHB Blake Allemand
|
0-0: Ball 1-0: Ground out 5-3 (Groundball, 56S) Nick Dini to second
|
Batting: RHB Tate Matheny
|
0-0: Called Strike 0-1: Called Strike 0-2: Ball 1-2: Ball 2-2: Ball 3-2: Strikes out swinging
|
Bottom of the 10th over - 0 runs, 0 hits, 0 errors, 1 left on base; Mississippi 2 - Binghamton 2 |
TOP OF THE 11TH |
Mississippi Braves batting - Pitching for Binghamton Rumble Ponies : RHP Pedro Araujo
|
Pitching: RHP Kevin Herget
|
|
Batting: LHB Chad Spanberger
|
0-0: Ball 1-0: Ball 2-0: SINGLE (Groundball, 4D)
|
Batting: LHB Tristan Gray
|
0-0: SINGLE (Line Drive, 7S) Chad Spanberger to second
|
Pinch Hitting: RHB Jake Adams
|
0-0: Called Strike 0-1: Called Strike 0-2: Ball 1-2: Strikes out swinging
|
Batting: LHB Trey Ball
|
0-0: Ball 1-0: Called Strike 1-1: Swinging Strike 1-2: Ball 2-2: Strikes out looking
|
Batting: RHB Cristian Pache
|
0-0: Called Strike 0-1: Called Strike 0-2: Fly out, F9 (Line Drive, 9)
|
Top of the 11th over - 0 runs, 2 hits, 0 errors, 2 left on base; Mississippi 2 - Binghamton 2 |
BOTTOM OF THE 11TH |
Binghamton Rumble Ponies batting - Pitching for Mississippi Braves : LHP Andy Cox
|
Now at C: Jose Cabello
|
|
Batting: RHB Zander Wiel
|
0-0: Called Strike 0-1: Foul Ball, location: 2F 0-2: Ball 1-2: Ball 2-2: Foul Ball, location: 2F 2-2: Ball 3-2: Fly out, F8 (Flyball, 78XD)
|
Batting: RHB Joe DeCarlo
|
0-0: Called Strike 0-1: Ball 1-1: Ball 2-1: Ball 3-1: Foul Ball, location: 2F 3-2: Base on Balls
|
Batting: RHB Oscar Mercado
|
0-0: Ball 1-0: Ball Wild Pitch! Joe DeCarlo to second 2-0: Foul Ball, location: 2F 2-1: Foul Ball, location: 2F 2-2: Foul Ball, location: 2F 2-2: Ball 3-2: Base on Balls
|
Batting: SHB Luis Sardinas
|
0-0: Ball 1-0: SINGLE (Line Drive, 34D) Joe DeCarlo to third Oscar Mercado to second Runner from 3rd tries for Home, SAFE, no throw
|
|
Wednesday, June 20th, 2018 - OOTP Baseball 19.6 Build 53
|
|